 Dungeon Crawl Stone Soup version 0.22-b1-21-g5cfc168 (webtiles) character file.

89832 tyranidshit the Cleaver (level 15, -4/137 HPs)
             Began as a Demonspawn Abyssal Knight on Aug 2, 2018.
             Was the Champion of Lugonu.
             Slain by Kirke (7 damage)
             ... on level 15 of the Dungeon.
             The game lasted 01:18:03 (21561 turns).

tyranidshit the Cleaver (DsAK)                     Turns: 21561, Time: 01:18:03

Health: -4/137     AC:  0    Str: 18    XL:     15   Next: 50%
Magic:  0/18       EV: 14    Int: 17    God:    Lugonu [******]
Gold:   281        SH:  0    Dex: 14    Spells: 22/24 levels left

rFire    . . .     SeeInvis .   (weapon currently unavailable)
rCold    . . .     Gourm    .   (shield currently unavailable)
rNeg     . . .     Faith    .   (armour currently unavailable)
rPois    .         Spirit   +   (helmet unavailable)
rElec    .         Reflect  .   (cloak currently unavailable)
rCorr    .         Harm     .   (gloves currently unavailable)
MR       +....                  (boots currently unavailable)
Stlth    ++++......             B - amulet of regeneration
HPRegen  0.72/turn              (ring currently unavailable)
MPRegen  0.32/turn              (ring currently unavailable)

@: pig-form, slowed
A: small, thin skeletal structure 1, clever 1, low mp 2, nightstalker 2, robust
1, wild magic 1, magic shield, magic regeneration
a: Depart the Abyss, Bend Space, Banish, Corrupt, Enter the Abyss, Renounce
Religion


You were on level 15 of the Dungeon.
You worshipped Lugonu.
Lugonu was exalted by your worship.
You were not hungry.
You were a filthy swine.
You visited 3 branches of the dungeon, and saw 23 of its levels.
You visited the Abyss 2 times.
You also visited: Ossuary.

You collected 2541 gold pieces.
You spent 2260 gold pieces at shops.

Inventory:

Hand Weapons
 u - a +9 war axe of distortion
 J - a +5 broad axe of chopping (melded)
Armour
 d - a +1 plate armour
 h - a +0 large shield (melded)
 q - a +0 pair of boots (melded)
 r - a +2 cloak (melded)
 y - the +1 plate armour "Kuphuiw" (melded) {rN+ MR- Int+10 Slay+2}
   (You bought it in a shop on level 1 of the Orcish Mines)

   It affects your intelligence (+10).
   It affects your accuracy and damage with ranged weapons and melee attacks
   (+2).
   It protects you from negative energy.
   It affects your resistance to hostile enchantments.
 I - a +1 pair of gloves (melded)
 P - a +0 plate armour of fire resistance
Jewellery
 a - an uncursed amulet of the gourmand
 g - a +6 ring of strength (melded)
 k - a +2 amulet of reflection
 B - an amulet of regeneration (around neck)
 E - the macabre finger necklace {rN+}
   (You bought it in a shop on level 2 of the Orcish Mines)

   [amulet of nothing]

   It protects you from negative energy.
 G - a +5 ring of intelligence
 K - an uncursed ring of wizardry
 N - an uncursed ring of flight
 S - an uncursed ring of positive energy
 T - a ring of magical power (melded)
Wands
 b - a wand of flame (18)
 o - a wand of polymorph (12)
 p - a wand of iceblast (8)
 t - a wand of digging (13)
 x - a wand of paralysis (31)
 F - a wand of enslavement (6)
 H - a wand of random effects (47)
 L - a wand of disintegration (3)
Scrolls
 e - 4 scrolls of amnesia
 j - 10 scrolls of remove curse
 l - 13 scrolls of identify
 n - 2 scrolls of teleportation
 v - 2 scrolls of fear
 A - 3 scrolls of fog
 Q - 2 scrolls of magic mapping
 U - a scroll of enchant armour
Potions
 f - a potion of might
 i - 5 potions of flight
 m - a potion of curing
 w - a potion of brilliance
 z - a potion of haste
 C - a potion of cancellation
 D - 2 potions of invisibility
 R - 2 potions of agility
Miscellaneous
 M - a phial of floods
 O - a fan of gales
Comestibles
 c - 32 rations


   Skills:
 + Level 13.7 Fighting
 + Level 14.0 Axes
 - Level 10.0 Armour
 - Level 0.8 Dodging
 - Level 10.6 Shields
 - Level 5.0 Spellcasting
 - Level 3.4 Translocations
 - Level 9.4 Invocations
 - Level 6.0 Evocations


You had 22 spell levels left.
You knew the following spells:

 Your Spells              Type           Power        Failure   Level  Hunger
a - Animate Skeleton      Necr           N/A          21%         1    None
b - Apportation           Tloc           ###...       5%          1    None

Your spell library contained the following spells:

 Spells                   Type           Power        Failure   Level  Hunger
 Cause Fear               Hex            #.........   86%         4    ####...
 Fireball                 Conj/Fire      #.........   99%         5    ######.
 Conjure Flame            Conj/Fire      #.......     47%         3    ###....
 Throw Flame              Conj/Fire      #.....       30%         2    #......
 Mephitic Cloud           Conj/Pois/Air  #.......     47%         3    ###....
 Venom Bolt               Conj/Pois      #.........   99%         5    ######.
 Olgreb's Toxic Radiance  Pois           #.......     86%         4    ####...
 Summon Small Mammal      Summ           #...         21%         1    None
 Sticky Flame             Conj/Fire      #.......     86%         4    ####...
 Summon Ice Beast         Ice/Summ       #.......     86%         4    ####...
 Call Imp                 Summ           #.......     30%         2    #......
 Sting                    Conj/Pois      #...         21%         1    None
 Deflect Missiles         Chrm/Air       #.........   100%        6    #######
 Confusing Touch          Hex            #.....       21%         1    None
 Flame Tongue             Conj/Fire      #....        21%         1    None
 Call Canine Familiar     Summ           #.......     47%         3    ###....
 Silence                  Hex/Air        #.........   99%         5    ######.
 Inner Flame              Hex/Fire       #.......     47%         3    ###....
 Discord                  Hex            #.........   100%        8    #######
 Summon Lightning Spire   Summ/Air       #.......     86%         4    ####...
 Summon Guardian Golem    Hex/Summ       #.......     47%         3    ###....
 Yara's Violent Unravell  Hex/Tmut       #.........   99%         5    ######.
 Poisonous Vapours        Pois/Air       #.....       30%         2    #......


Dungeon Overview and Level Annotations

Branches:
Dungeon (15/15)              Lair (6/6) D:10         Shoals (0/4) Lair:2
  Snake (0/4) Lair:4        Slime (0/5) Lair:6          Orc (2/2) D:9
    Elf (0/3) Orc:2        Vaults (0/5) D:13
 Temple: D:4-7       Depths: D:15

Altars:
Ashenzari
Cheibriados
Elyvilon
Kikubaaqudgha
Nemelex Xobeh
Okawaru
Ru
Sif Muna
Vehumet
Xom
The Shining One
Jiyva

Shops:
D:13 ?   D:14 *   Orc:1 [   Orc:2 =([(

Annotations:
D:15 Kirke


Innate Abilities, Weirdness & Mutations

((You have a pair of large horns on your head.))
You have a somewhat thin skeletal structure. (Dex +2, Stealth)
You are significantly more attuned to the shadows.
You are robust. (+10% HP)
When hurt, damage is shared between your health and your magic reserves.
You regenerate magic rapidly.
Your mind is acute. (Int +2)
Your magical capacity is very low. (-20% MP)
Your spells are a little harder to cast, but a little more powerful.


Message History

* * * LOW HITPOINT WARNING * * *
You hear some strange, mumbled words.
You feel yourself slow down. The lindwurm bites you!!
* * * LOW HITPOINT WARNING * * *
The lindwurm claws you.
* * * LOW HITPOINT WARNING * * *
The lindwurm claws you.
* * * LOW HITPOINT WARNING * * *
The vampire mosquito closely misses you.
Okay, then.
Okay, then.
As you read the scroll of fear, it crumbles to dust.
You assume a fearsome visage.
The lindwurm looks frightened!
The hog looks frightened! x3; The manticore looks frightened!
The vampire mosquito is unaffected. x2; The cyclops resists with some effort.
The vampire mosquito closely misses you.
Something hits you!
* * * LOW HITPOINT WARNING * * *
The vampire mosquito barely misses you. Something hits you!
You die...

#...# #...# #######
#...# #.?...# #
####...######.###.#
#...............#
#.#
##.#####.#########
#.# .h..C #.# #.<
...y{###.## ###
.h..yh(k..##########
.....####......^...#
..H.. ##########.#
##h## #. #


You could see a manticore (fleeing), a lindwurm (fleeing), a cyclops, 3 hogs and
2 vampire mosquitoes.

Vanquished Creatures
  Frances (D:14)
  Gastronok (Lair:3)
  Agnes (D:14)
  Nessos (D:14)
  2 dire elephants
  Snorg (Lair:4)
  A fire dragon (Lair:6)
  A hydra (Lair:3)
  A catoblepas (Lair:3)
  An ogre mage (Orc:1)
  9 two-headed ogres
  2 centaur warriors (D:14)
  An orc high priest (Orc:2)
  A tengu warrior (D:13)
  Nergalle (Lair:4)
  Sonja (Lair:1)
  A swamp dragon (Lair:6)
  2 unseen horrors
  A deep elf archer (D:13)
  The ghost of tyranidshit the Skirmisher, a novice DsAK of Lugonu (D:6)
  2 orc knights
  2 orc sorcerers
  A deep elf mage (D:13)
  3 cyclopes
  5 ugly things (D:14)
  3 centaur zombies (D:14)
  2 black mambas
  9 elephants
  4 centaur skeletons
  A gargoyle (D:12)
  10 spiny frogs
  11 komodo dragons
  5 rime drakes
  4 yaktaurs (D:13)
  3 trolls
  2 hornets (D:14)
  10 polar bears
  A tengu conjurer (D:13)
  3 meliai (D:14)
  2 raiju (Lair:6)
  Grinder (D:3)
  7 blink frogs
  10 hippogriffs
  5 slime creatures
  7 dream sheep
  A shadow (D:14)
  3 vampires (D:14)
  A spriggan (D:14)
  45 yaks
  Grum (Lair:1)
  4 wyverns
  5 basilisks
  3 wraiths
  A human (D:7)
  4 hungry ghosts
  5 hogs
  4 steam dragons
  5 vampire mosquitoes
  3 nagas (Lair:4)
  7 wargs
  15 hell hounds (Lair:6)
  4 acid dragons
  2 soldier ants
  2 porcupines
  14 black bears
  4 phantoms
  8 water moccasins
  2 swamp drakes
  4 sky beasts
  An eye of draining (D:6)
  24 orc warriors
  A boggart (D:14)
  3 ice beasts
  A slave (D:4)
  15 ogres
  A necrophage (D:8)
  23 wolves
  24 centaurs
  9 crocodiles
  4 big kobolds
  An elf zombie (D:7)
  11 bullfrogs
  An elf skeleton (D:7)
  A water moccasin skeleton (D:6)
  3 scorpions
  3 howler monkeys (D:13)
  A vampire bat (D:5)
  13 wights
  An electric eel (Lair:2)
  6 jellies
  9 crimson imps
  A quasit (D:11)
  4 bullfrog zombies
  A bullfrog skeleton (D:10)
  26 orc priests
  9 hounds
  Crazy Yiuf (D:3)
  3 human zombies
  Jessica (D:3)
  2 human skeletons (D:7)
  3 iguanas
  Terence (D:2)
  10 worker ants
  26 orc wizards
  6 ogre zombies (D:9)
  A big kobold zombie (Ossuary)
  A hound zombie (D:11)
  4 hound skeletons
  3 mummies (Ossuary)
  A worker ant zombie (D:10)
  16 adders
  11 gnolls
  3 shadow imps
  2 oozes (D:1)
  An adder zombie (D:5)
  3 adder skeletons
  4 worms
  6 leopard geckos
  70 orcs
  8 bats
  4 bat skeletons (D:5)
  A bat zombie (D:5)
  5 giant cockroaches
  7 goblins
  11 hobgoblins
  11 jackals
  2 quokkas
  8 frilled lizards
  2 goblin skeletons (D:9)
  8 goblin zombies
  2 hobgoblin zombies
  28 kobolds
  A kobold zombie (Ossuary)
  A leopard gecko zombie (D:5)
  An orc skeleton (D:9)
  12 orc zombies (D:9)
  13 rats
  2 fungi (Lair:6)
  5 plants
799 creatures vanquished.

Vanquished Creatures (collateral kills)
  The ghost of tyranidshit the Fighter, a journeyman DsAK of Lugonu (D:14)
1 creature vanquished.

Vanquished Creatures (others)
  7 hydras
  An ogre mage (D:13)
  3 orc high priests (Orc:2)
  A centaur zombie (D:12)
  A komodo dragon (Lair:2)
  A troll (D:11)
  A blink frog (Lair:3)
  A dream sheep (Lair:3)
  A hippogriff (Lair:2)
  4 yaks
  A water moccasin (Lair:3)
  An electric eel (Lair:2)
  An orc priest (Orc:2)
  An orc wizard (Orc:2)
  11 fungi
  27 plants
63 creatures vanquished.

Grand Total: 863 creatures vanquished

Notes
Turn   | Place    | Note
-------+----------+-------------------------------------------
     0 | Abyss:1  | tyranidshit the Demonspawn Abyssal Knight began the quest for the Orb.
     0 | Abyss:1  | Reached XP level 1. HP: 18/18 MP: 2/2
    55 | Abyss:1  | Found a corrupted altar of Lugonu.
    91 | Abyss:1  | Noticed a chaos spawn
    91 | Abyss:1  | Noticed an ancient zyme
    94 | D:1      | Escaped the Abyss
   199 | D:1      | Reached * piety under Lugonu
   199 | D:1      | Gained mutation: You are slightly more attuned to the shadows. [demonic ancestry]
   199 | D:1      | Reached XP level 2. HP: 18/25 MP: 3/3
   562 | D:1      | Found a shattered altar of Ashenzari.
   688 | D:1      | Reached XP level 3. HP: 24/30 MP: 4/4
  1083 | D:2      | Reached ** piety under Lugonu
  1412 | D:2      | Found a sparkling altar of Nemelex Xobeh.
  1603 | D:2      | Reached skill level 5 in Fighting
  1603 | D:2      | Gained mutation: You have a pair of small horns on your head. [demonic ancestry]
  1603 | D:2      | Reached XP level 4. HP: 35/39 MP: 5/5
  2058 | D:2      | Found a glowing golden altar of the Shining One.
  2075 | D:2      | Noticed Terence
  2087 | D:2      | Killed Terence
  2087 | D:2      | Reached XP level 5. HP: 36/44 MP: 6/6
  2537 | D:3      | Noticed Jessica
  2543 | D:3      | Killed Jessica
  2603 | D:3      | Noticed Grinder
  2724 | D:4      | Gained mutation: When hurt, damage is shared between your health and your magic reserves. [demonic ancestry]
  2724 | D:4      | Reached XP level 6. HP: 32/51 MP: 7/7
  2863 | D:4      | Reached *** piety under Lugonu
  3035 | D:4      | Reached skill level 5 in Armour
  3216 | D:5      | Entered Level 5 of the Dungeon
  3234 | D:5      | Gained mutation: You are significantly more attuned to the shadows. [demonic ancestry]
  3234 | D:5      | Reached XP level 7. HP: 31/56 MP: 3/8
  4115 | D:5      | Found an ancient bone altar of Kikubaaqudgha.
  4271 | D:5      | Noticed Pikel
  4364 | D:3      | Found a runed door.
  4368 | D:3      | Noticed Crazy Yiuf
  4374 | D:3      | Killed Crazy Yiuf
  4455 | D:3      | Paralysed by Grinder for 4 turns
  4462 | D:3      | Paralysed by Grinder for 7 turns
  4471 | D:3      | Killed Grinder
  4471 | D:3      | Reached skill level 5 in Invocations
  4471 | D:3      | Gained mutation: You have a pair of horns on your head. [demonic ancestry]
  4471 | D:3      | Reached XP level 8. HP: 38/65 MP: 7/12
  4635 | D:5      | Noticed Pikel
  4635 | D:5      | Pikel changed into Pikel the soldier ant
  4640 | D:5      | Killed Pikel the soldier ant
  4832 | D:6      | Reached **** piety under Lugonu
  4987 | D:6      | Reached skill level 1 in Evocations
  5119 | D:6      | Found a runed door.
  5120 | D:6      | Noticed tyranidshit's ghost (novice DsAK)
  5312 | D:6      | Gained mutation: You have a pair of large horns on your head. [demonic ancestry]
  5312 | D:6      | Reached XP level 9. HP: 72/72 MP: 8/15
  5493 | D:6      | Killed tyranidshit's ghost
  5618 | D:7      | Reached skill level 5 in Evocations
  5903 | D:7      | Found a sand-covered staircase.
  5940 | Ossuary  | Entered an ossuary
  5954 | Ossuary  | Reached ***** piety under Lugonu
  6406 | D:7      | Reached skill level 2 in Axes
  6549 | D:7      | Reached skill level 1 in Shields
  6549 | D:7      | Gained mutation: You have a somewhat thin skeletal structure. (Dex +2, Stealth) [demonic ancestry]
  6549 | D:7      | Reached XP level 10. HP: 25/80 MP: 10/17
  6739 | D:7      | Reached skill level 3 in Axes
  6944 | D:8      | Found a white marble altar of Elyvilon.
  6970 | D:8      | Found a shimmering altar of Xom.
  6971 | D:8      | Found a deep blue altar of Sif Muna.
  6971 | D:8      | Found a snail-covered altar of Cheibriados.
  6990 | D:8      | Found an iron altar of Okawaru.
  6992 | D:8      | Found a sacrificial altar of Ru.
  7247 | D:8      | Reached skill level 4 in Axes
  7567 | D:9      | Found a staircase to the Orcish Mines.
  7819 | D:9      | Found a radiant altar of Vehumet.
  8253 | D:10     | Entered Level 10 of the Dungeon
  8278 | D:10     | Reached skill level 5 in Axes
  8663 | D:10     | Reached ****** piety under Lugonu
  8870 | D:10     | Reached XP level 11. HP: 84/86 MP: 16/18
  9072 | D:10     | Found a staircase to the Lair.
  9086 | D:10     | Reached skill level 5 in Shields
  9350 | D:11     | Identified a +9 war axe of distortion (a +7 war axe corrupted by Lugonu)
  9350 | D:11     | Received a gift from Lugonu
  9413 | D:11     | Noticed a red ugly thing
  9519 | D:11     | Reached skill level 10 in Fighting
  9834 | D:12     | Noticed a purple ugly thing
 10109 | D:12     | Killed an unseen horror
 10430 | Lair:1   | Entered Level 1 of the Lair of Beasts
 10495 | Lair:1   | Noticed Sonja
 10651 | Lair:2   | Noticed a seven-headed hydra
 10655 | Lair:2   | Banished an eight-headed hydra
 10660 | Lair:2   | Reached XP level 12. HP: 73/103 MP: 15/19
 10758 | Lair:2   | Found a staircase to the Shoals.
 11386 | Lair:3   | Noticed a six-headed hydra
 11391 | Lair:3   | Killed a six-headed hydra
 11391 | Lair:3   | Reached skill level 6 in Axes
 11527 | Lair:3   | Reached skill level 7 in Axes
 11582 | Lair:3   | Noticed Gastronok
 11584 | Lair:3   | Noticed a four-headed hydra
 11618 | Lair:3   | Banished a four-headed hydra
 11627 | Lair:3   | Killed Gastronok
 11627 | Lair:3   | Reached skill level 8 in Axes
 11788 | Lair:3   | Noticed a seven-headed hydra
 11793 | Lair:3   | Banished an eight-headed hydra
 11793 | Lair:3   | Reached skill level 9 in Axes
 11829 | Lair:3   | Noticed a catoblepas
 11845 | Lair:3   | Killed a catoblepas
 12312 | Lair:3   | Identified a scroll of acquirement
 12381 | Lair:3   | Reached skill level 10 in Axes
 12448 | Lair:4   | Reached XP level 13. HP: 94/111 MP: 18/20
 12466 | Lair:4   | Noticed a dire elephant
 12474 | Lair:4   | Killed a dire elephant
 12528 | Lair:4   | Found a staircase to the Snake Pit.
 12531 | Lair:4   | Noticed Snorg
 12539 | Lair:4   | Killed Snorg
 12539 | Lair:4   | Reached skill level 11 in Axes
 12853 | Lair:4   | Noticed Nergalle
 12867 | Lair:4   | Killed Nergalle
 12867 | Lair:4   | Reached skill level 1 in Spellcasting
 12932 | Lair:4   | Got a pair of spiked boots
 12933 | Lair:4   | Identified the cursed -4 pair of boots of Defiance {+Blink Int+4 Dex+3 SInv} (You found it on level 4 of the Lair of Beasts)
 13874 | Lair:1   | Noticed Grum
 13882 | Lair:1   | Killed Grum
 14101 | Lair:1   | Reached skill level 5 in Spellcasting
 14607 | D:13     | Reached skill level 12 in Axes
 14619 | D:13     | Cast into level 1 of the Abyss (orc wizard)
 14624 | D:13     | Escaped the Abyss
 14679 | D:13     | Learned a level 1 spell: Animate Skeleton
 14686 | D:13     | Found Linatish's Magic Scroll Emporium.
 15400 | D:13     | Found a gate to the Vaults.
 16004 | D:14     | Noticed Frances
 16010 | D:14     | Killed Frances
 16010 | D:14     | Reached skill level 13 in Axes
 16010 | D:14     | Gained mutation: You regenerate magic rapidly. [demonic ancestry]
 16010 | D:14     | Reached XP level 14. HP: 71/118 MP: 17/21
 16020 | D:14     | Gained mutation: Your spells are a little harder to cast, but a little more powerful. [potion of mutation]
 16020 | D:14     | Gained mutation: Your magical capacity is low. (-10% MP) [potion of mutation]
 16020 | D:14     | Gained mutation: Your magical capacity is very low. (-20% MP) [potion of mutation]
 16020 | D:14     | Gained mutation: Your mind is acute. (Int +2) [potion of mutation]
 16046 | D:14     | Noticed Nessos
 16057 | D:14     | Killed Nessos
 16087 | D:14     | Noticed Agnes
 16559 | Lair:6   | Entered Level 6 of the Lair of Beasts
 16733 | Lair:6   | Found a staircase to the Slime Pits.
 16733 | Lair:6   | Found a viscous altar of Jiyva.
 17833 | Lair:6   | Reached skill level 10 in Shields
 18266 | Lair:1   | Killed Sonja
 18319 | Orc:1    | Entered Level 1 of the Orcish Mines
 18810 | Orc:1    | Gained mutation: You are robust. (+10% HP) [demonic ancestry]
 18810 | Orc:1    | Reached XP level 15. HP: 110/135 MP: 18/18
 18837 | Orc:1    | Reached skill level 10 in Armour
 18909 | Orc:1    | Found Mosk's Antique Armour Boutique.
 18919 | Orc:1    | Bought a distressingly furry plate armour for 868 gold pieces
 18920 | Orc:1    | Identified the cursed +1 plate armour "Kuphuiw" {rN+ MR- Int+10 Slay+2} (You bought it in a shop on level 1 of the Orcish Mines)
 18934 | Orc:1    | Learned a level 1 spell: Apportation
 19180 | Orc:2    | Entered Level 2 of the Orcish Mines
 19216 | Orc:2    | Reached skill level 1 in Translocations
 19761 | Orc:2    | Found Hatsif's Jewellery Shoppe.
 19763 | Orc:2    | Found Duvafyos's Antique Armour Emporium.
 19765 | Orc:2    | Found Huanobagh's Antique Weapon Emporium.
 19779 | Orc:2    | Found Jomurioxi's Antique Weapon Shoppe.
 19839 | Orc:2    | Found a staircase to the Elven Halls.
 19880 | Orc:2    | Bought the macabre finger necklace {rN+} for 560 gold pieces
 19880 | Orc:2    | Found the macabre finger necklace {rN+}
 19891 | Orc:2    | Bought a glowing plate armour for 832 gold pieces
 20796 | D:14     | Killed Agnes
 20824 | D:14     | Found Fyeryfan's Blood Bar.
 21405 | D:14     | Found a runed door.
 21405 | D:14     | Noticed tyranidshit's ghost (journeyman DsAK)
 21425 | D:14     | Killed tyranidshit's ghost
 21447 | D:14     | Reached skill level 14 in Axes
 21454 | D:14     | Got a slimy spear {speed}
 21455 | D:14     | Identified the +2 spear "Peipru" {speed, rF+ rN+ SInv} (You took it off a spriggan on level 14 of the Dungeon)
 21514 | D:15     | Entered Level 15 of the Dungeon
 21546 | D:15     | Noticed Kirke
 21561 | D:15     | HP: 3/137 [something (11)]
 21561 | D:15     | Slain by Kirke

Skill      XL: |  1  2  3  4  5  6  7  8  9 10 11 12 13 14 15 |
---------------+----------------------------------------------+-----
Fighting       | 4 5 6 7 8 12 13 | 13.7
Armour         | 3 4 6 7 8 9 10 | 10.0
Invocations    | 5 8 9 |  9.4
Evocations     | 3 6 |  6.0
Axes           | 2 5 10 13 14 | 14.0
Shields        | 1 4 5 10 | 10.6
Spellcasting   | 5 |  5.0
Translocations | 3 |  3.4
Dodging        | |  0.8

Action                   |  1- 3 |  4- 6 |  7- 9 | 10-12 | 13-15 || total
-------------------------+-------+-------+-------+-------+-------++-------
Melee: Hand axe          |   162 |   192 |   113 |       |       ||   467
       Headbutt          |       |    39 |    87 |   135 |   264 ||   525
       Quarterstaff      |       |       |   159 |       |       ||   159
       Whip              |       |       |    28 |       |       ||    28
       War axe           |       |       |   107 |   510 |    20 ||   637
       Broad axe         |       |       |       |    35 |   996 ||  1031
       Unarmed           |       |       |       |       |     6 ||     6
Invok: Depart the Abyss  |     1 |       |       |       |     1 ||     2
       Banish            |       |       |       |     5 |    14 ||    19
       Brand Weapon With |       |       |       |     1 |       ||     1
       Bend Space        |       |       |       |       |     1 ||     1
Evoke: Wand              |       |       |       |     9 |    28 ||    37
       Phantom mirror    |       |       |       |       |     1 ||     1
  Use: Scroll            |     5 |     3 |     8 |     9 |    31 ||    56
       Potion            |     1 |     6 |     6 |     2 |    12 ||    27
  Eat: Ration            |     1 |     2 |     3 |    10 |    10 ||    26
       Chunk             |       |       |       |       |     2 ||     2
Armor: Ring mail         |    34 |       |       |       |       ||    34
       Plate armour      |    88 |   137 |   329 |   341 |   680 ||  1575
Dodge: Dodged            |    59 |    61 |   126 |    46 |   159 ||   451
Block: Other             |       |    14 |    28 |       |       ||    42
       Reflection        |       |     1 |       |    12 |       ||    13
       Large shield      |       |       |    37 |   466 |   995 ||  1498
